TOP OF THE 1ST |
Americus Braves batting - Pitching for Madison Brewers : LHP Jose Ruiz
|
Pitching: LHP Jose Ruiz
|
|
Batting: RHB Danny Dimas
|
0-0: Ground out 6-3 (Groundball, 6, EV 96.9 MPH)
|
Batting: RHB Yutaka Yamane
|
0-0: Called Strike 0-1: Swinging Strike 0-2: Ground out 5-3 (Groundball, 15, EV 78.1 MPH)
|
Batting: RHB Ricardo Joya
|
0-0: Ball 1-0: Called Strike 1-1: Ball 2-1: Foul Ball, location: 2F 2-2: Fly out, F8 (Flyball, 78XD, EV 95.6 MPH)
|
Top of the 1st over - 0 runs, 0 hits, 0 errors, 0 left on base; Americus 0 - Madison 0 |
BOTTOM OF THE 1ST |
Madison Brewers batting - Pitching for Americus Braves : RHP Javy Hernandez
|
Pitching: RHP Javy Hernandez
|
|
Batting: LHB Jose Simental
|
0-0: Called Strike 0-1: Ground out 5-3 (Groundball, 5, EV 81.2 MPH)
|
Batting: RHB Tristan Smeets
|
0-0: Ball 1-0: Ball 2-0: Foul Ball, location: 2F 2-1: Ball 3-1: Base on Balls
|
Batting: LHB Bill Kovac
|
0-0: Fly out, F8 (Flyball, 8LM, EV 87.5 MPH)
|
Batting: LHB Fumito Sakurai
|
0-0: Called Strike 0-1: Swinging Strike 0-2: Ball 1-2: Ball 2-2: Strikes out swinging
|
Bottom of the 1st over - 0 runs, 0 hits, 0 errors, 1 left on base; Americus 0 - Madison 0 |
TOP OF THE 2ND |
Americus Braves batting - Pitching for Madison Brewers : LHP Jose Ruiz
|
Batting: RHB Carlos Livas
|
0-0: Called Strike 0-1: Ball 1-1: Foul Ball, location: 2F 1-2: SOLO HOME RUN (Flyball, 7D, EV 95.6 MPH), Distance : 355 ft
|
Batting: LHB Ivan Castillo
|
0-0: Ball 1-0: Called Strike 1-1: Ball 2-1: Foul Ball, location: 2F 2-2: Ball 3-2: Strikes out looking
|
Batting: RHB Wilson Salgado
|
0-0: Ball 1-0: Ground out 1-3 (Groundball, 34S, EV 60.6 MPH)
|
Batting: LHB Roger Shearing
|
0-0: Called Strike 0-1: Ground out 4-3 (Groundball, 4S, EV 76.2 MPH)
|
Top of the 2nd over - 1 run, 1 hit, 0 errors, 0 left on base; Americus 1 - Madison 0 |
BOTTOM OF THE 2ND |
Madison Brewers batting - Pitching for Americus Braves : RHP Javy Hernandez
|
Batting: LHB Tony Hasbun
|
0-0: Ball 1-0: Ground out 5-3 (Groundball, 56, EV 106.9 MPH)
|
Batting: RHB Xiao-shuang Au
|
0-0: Called Strike 0-1: Called Strike 0-2: Strikes out swinging
|
Batting: RHB Fernando Mejia
|
0-0: SINGLE (Line Drive, 89M, EV 99.4 MPH)
|
Batting: RHB Adam Angeles
|
0-0: Ball Fernando Mejia is caught stealing 2nd base 2-4
|
Bottom of the 2nd over - 0 runs, 1 hit, 0 errors, 0 left on base; Americus 1 - Madison 0 |
TOP OF THE 3RD |
Americus Braves batting - Pitching for Madison Brewers : LHP Jose Ruiz
|
Batting: RHB Roberto Rios
|
0-0: Ball 1-0: Called Strike 1-1: Foul Ball, location: 2F 1-2: SINGLE (Groundball, 4MD, EV 108.1 MPH)
|
Batting: RHB Alex Guerra
|
0-0: Ball 1-0: Called Strike 1-1: Foul Ball, location: 2F 1-2: Hit by Pitch Roberto Rios to second
|
Batting: RHB Danny Dimas
|
0-0: Called Strike 0-1: Ball 1-1: Foul Ball, location: 2F 1-2: Strikes out looking
|
Batting: RHB Yutaka Yamane
|
0-0: Ball 1-0: Foul Ball, location: 2F 1-1: Ball 2-1: SINGLE (Groundball, 4MD, EV 104.4 MPH) Roberto Rios to third Alex Guerra to second Runner from 3rd tries for Home, SAFE, throw by CF to home
|
Batting: RHB Ricardo Joya
|
0-0: Foul Ball, location: 2F 0-1: Fly out, F8 (Flyball, 8RXD, EV 98.1 MPH) Runner from 2nd tags up, SAFE at 3rd, no throw by CF
|
Batting: RHB Carlos Livas
|
0-0: Called Strike 0-1: SINGLE (Line Drive, 56D, EV 98.1 MPH) Alex Guerra scores Yutaka Yamane to second Runner from 2nd tries for 3rd, SAFE, throw by LF made to third
|
Batting: LHB Ivan Castillo
|
0-0: SINGLE (Line Drive, 89S, EV 88.8 MPH) Yutaka Yamane scores Carlos Livas to second
|
Batting: RHB Wilson Salgado
|
0-0: Foul Ball, location: 2F 0-1: Swinging Strike 0-2: Strikes out looking
|
Top of the 3rd over - 3 runs, 4 hits, 0 errors, 2 left on base; Americus 4 - Madison 0 |
BOTTOM OF THE 3RD |
Madison Brewers batting - Pitching for Americus Braves : RHP Javy Hernandez
|
Batting: RHB Adam Angeles
|
0-0: Swinging Strike 0-1: Ball 1-1: Swinging Strike 1-2: Ball 2-2: Foul Ball, location: 2F 2-2: Foul Ball, location: 2F 2-2: Foul Ball, location: 2F 2-2: Ball 3-2: Base on Balls
|
Batting: RHB Malcolm McCauley
|
0-0: Called Strike 0-1: Fly out, F9 (Flyball, 9, EV 88.8 MPH)
|
Batting: LHB Jose Simental
|
0-0: Ball 1-0: Ball 2-0: Foul Ball, location: 2F 2-1: Called Strike 2-2: Strikes out swinging
|
Batting: RHB Tristan Smeets
|
0-0: Ball 1-0: Ball 2-0: Called Strike 2-1: Ball 3-1: Foul Ball, location: 2F 3-2: Strikes out swinging
|
Bottom of the 3rd over - 0 runs, 0 hits, 0 errors, 1 left on base; Americus 4 - Madison 0 |
TOP OF THE 4TH |
Americus Braves batting - Pitching for Madison Brewers : LHP Jose Ruiz
|
Batting: LHB Roger Shearing
|
0-0: Called Strike 0-1: Called Strike 0-2: Strikes out swinging
|
Batting: RHB Roberto Rios
|
0-0: Foul Ball, location: 2F 0-1: Swinging Strike 0-2: DOUBLE (Line Drive, 78D, EV 110.0 MPH)
|
Batting: RHB Alex Guerra
|
0-0: Swinging Strike 0-1: Called Strike 0-2: Ball 1-2: Hit by Pitch
|
Batting: RHB Danny Dimas
|
0-0: Called Strike 0-1: Ball 1-1: Fielders Choice at 2nd, 1-4 (Groundball, 15S, EV 61.2 MPH) Roberto Rios to third
|
Batting: RHB Yutaka Yamane
|
0-0: DOUBLE (Line Drive, 78M, EV 91.9 MPH) Roberto Rios scores Danny Dimas to third Runner from 3rd tries for Home, SAFE, no throw by LF
|
Pitching: RHP Silvian Mans
|
|
Batting: RHB Ricardo Joya
|
0-0: Ball 1-0: Ball 2-0: Fly out, F1 (Popup, 13, EV 76.9 MPH)
|
Top of the 4th over - 2 runs, 2 hits, 0 errors, 1 left on base; Americus 6 - Madison 0 |
BOTTOM OF THE 4TH |
Madison Brewers batting - Pitching for Americus Braves : RHP Javy Hernandez
|
Batting: LHB Bill Kovac
|
0-0: Called Strike 0-1: Ball 1-1: Swinging Strike 1-2: Ball 2-2: Strikes out swinging
|
Batting: LHB Fumito Sakurai
|
0-0: Ball 1-0: Ball 2-0: Ball 3-0: Fly out, F6 (Popup, 6MS, EV 68.1 MPH)
|
Batting: LHB Tony Hasbun
|
0-0: Ball 1-0: Foul Ball, location: 2F 1-1: Ball 2-1: Ball 3-1: DOUBLE (Flyball, 8RXD, EV 91.2 MPH)
|
Batting: RHB Xiao-shuang Au
|
0-0: Ball 1-0: Called Strike 1-1: Foul Ball, location: 2F 1-2: Foul Ball, location: 2F 1-2: Ball 2-2: Ball 3-2: Fly out, F8 (Flyball, 8RD, EV 104.4 MPH)
|
Bottom of the 4th over - 0 runs, 1 hit, 0 errors, 1 left on base; Americus 6 - Madison 0 |
TOP OF THE 5TH |
Americus Braves batting - Pitching for Madison Brewers : RHP Silvian Mans
|
Batting: RHB Carlos Livas
|
0-0: Ball 1-0: Ball 2-0: Called Strike 2-1: Swinging Strike 2-2: Ball 3-2: Foul Ball, location: 2F 3-2: Foul Ball, location: 2F 3-2: Base on Balls
|
Batting: LHB Ivan Castillo
|
0-0: Called Strike 0-1: Grounds into double play, 4-6-3 (Groundball, 4, EV 83.1 MPH)
|
Batting: RHB Wilson Salgado
|
0-0: Foul Ball, location: 2F 0-1: Fly out, F5 (Popup, 5S, EV 80.0 MPH)
|
Top of the 5th over - 0 runs, 0 hits, 0 errors, 0 left on base; Americus 6 - Madison 0 |
BOTTOM OF THE 5TH |
Madison Brewers batting - Pitching for Americus Braves : RHP Javy Hernandez
|
Batting: RHB Fernando Mejia
|
0-0: Ball 1-0: DOUBLE (Line Drive, 78D, EV 105.6 MPH)
|
Batting: RHB Adam Angeles
|
0-0: Called Strike 0-1: Foul Ball, location: 2F 0-2: Strikes out swinging
|
Batting: RHB Malcolm McCauley
|
0-0: Fly out, F7 (Line Drive, 7, EV 93.8 MPH)
|
Batting: LHB Jose Simental
|
0-0: Called Strike 0-1: Foul Ball, location: 2F 0-2: Ball 1-2: Foul Ball, location: 2F 1-2: Ball 2-2: Strikes out looking
|
Bottom of the 5th over - 0 runs, 1 hit, 0 errors, 1 left on base; Americus 6 - Madison 0 |
TOP OF THE 6TH |
Americus Braves batting - Pitching for Madison Brewers : RHP Silvian Mans
|
Batting: LHB Roger Shearing
|
0-0: Ball 1-0: DOUBLE (Flyball, 89XD, EV 102.5 MPH)
|
Batting: RHB Roberto Rios
|
0-0: Ground out 5-3 (Groundball, 56S, EV 85.0 MPH)
|
Batting: RHB Alex Guerra
|
0-0: Called Strike 0-1: Ball 1-1: Ball 2-1: Swinging Strike 2-2: Strikes out swinging
|
Batting: RHB Danny Dimas
|
0-0: Ball 1-0: Foul Ball, location: 2F 1-1: Swinging Strike 1-2: Strikes out swinging
|
Top of the 6th over - 0 runs, 1 hit, 0 errors, 1 left on base; Americus 6 - Madison 0 |
BOTTOM OF THE 6TH |
Madison Brewers batting - Pitching for Americus Braves : RHP Javy Hernandez
|
Batting: RHB Tristan Smeets
|
0-0: Ball 1-0: Foul Ball, location: 2F 1-1: Called Strike 1-2: Ball 2-2: Foul Ball, location: 2F 2-2: Foul Ball, location: 2F 2-2: Fly out, F8 (Flyball, 78M, EV 85.0 MPH)
|
Batting: LHB Bill Kovac
|
0-0: Called Strike 0-1: Foul Ball, location: 2F 0-2: Ball 1-2: SINGLE (Groundball, 6S, EV 75.0 MPH) (infield hit)
|
Batting: LHB Fumito Sakurai
|
0-0: Called Strike 0-1: Ball 1-1: 2-RUN HOME RUN (Flyball, 89XD, EV 112.5 MPH), Distance : 429 ft
|
Batting: LHB Tony Hasbun
|
0-0: Swinging Strike 0-1: Swinging Strike 0-2: Foul Ball, location: 2F 0-2: Ball 1-2: Ball 2-2: Ball 3-2: Strikes out swinging
|
Batting: RHB Xiao-shuang Au
|
0-0: SINGLE (Line Drive, 78M, EV 88.8 MPH)
|
Batting: RHB Fernando Mejia
|
0-0: Called Strike 0-1: Ball 1-1: Called Strike 1-2: Foul Ball, location: 2F 1-2: Ball 2-2: Ball 3-2: Foul Ball, location: 2F 3-2: SINGLE (Groundball, 6MS, EV 68.1 MPH) (infield hit) Xiao-shuang Au to second
|
Batting: RHB Adam Angeles
|
0-0: Called Strike 0-1: Ball 1-1: Foul Ball, location: 2F 1-2: Ball 2-2: SINGLE (Line Drive, 9LM, EV 101.2 MPH) Xiao-shuang Au to third Fernando Mejia to second
|
Pitching: RHP Aaron Frey
|
|
Pinch Hitting: LHB Alex Chairez
|
0-0: Ground out U3 (Groundball, 34, EV 81.9 MPH)
|
Bottom of the 6th over - 2 runs, 5 hits, 0 errors, 3 left on base; Americus 6 - Madison 2 |
TOP OF THE 7TH |
Americus Braves batting - Pitching for Madison Brewers : RHP Silvian Mans
|
Now in CF: Sammar Wambugu
|
|
Batting: RHB Yutaka Yamane
|
0-0: DOUBLE (Line Drive, 89XD, EV 106.2 MPH)
|
Batting: RHB Ricardo Joya
|
0-0: Ball 1-0: Fly out, F8 (Flyball, 8LD, EV 88.8 MPH)
|
Batting: RHB Carlos Livas
|
0-0: Ball 1-0: Fly out, F9 (Line Drive, 9, EV 86.2 MPH)
|
Batting: LHB Ivan Castillo
|
0-0: Called Strike 0-1: Ball 1-1: Ball 2-1: Ball 3-1: Base on Balls
|
Batting: RHB Wilson Salgado
|
0-0: Ball 1-0: DOUBLE (Line Drive, 78D, EV 108.1 MPH) Yutaka Yamane scores Ivan Castillo to third
|
Batting: LHB Roger Shearing
|
0-0: Fly out, F8 (Flyball, 8LD, EV 85.6 MPH)
|
Top of the 7th over - 1 run, 2 hits, 0 errors, 2 left on base; Americus 7 - Madison 2 |
BOTTOM OF THE 7TH |
Madison Brewers batting - Pitching for Americus Braves : RHP Aaron Frey
|
Batting: LHB Jose Simental
|
0-0: Called Strike 0-1: Swinging Strike 0-2: Ball 1-2: Hit by Pitch
|
Batting: RHB Tristan Smeets
|
0-0: Ball 1-0: Ball 2-0: SINGLE (Line Drive, 4MD, EV 93.8 MPH) Jose Simental to second
|
Pitching: LHP Mohala Kileona
|
|
Pinch Hitting: RHB Daniel Pena
|
0-0: Ball 1-0: Ball 2-0: Called Strike 2-1: Called Strike 2-2: Ball 3-2: Base on Balls Jose Simental to third Tristan Smeets to second
|
Batting: LHB Fumito Sakurai
|
0-0: Ball 1-0: Foul Ball, location: 2F 1-1: Called Strike 1-2: Ball 2-2: Strikes out swinging
|
Pinch Hitting: RHB Manny Olave
|
0-0: Ball 1-0: Foul Ball, location: 2F 1-1: Foul Ball, location: 2F 1-2: Strikes out swinging
|
Batting: RHB Xiao-shuang Au
|
0-0: Fly out, F7 (Flyball, 7D, EV 91.2 MPH)
|
Bottom of the 7th over - 0 runs, 1 hit, 0 errors, 3 left on base; Americus 7 - Madison 2 |
TOP OF THE 8TH |
Americus Braves batting - Pitching for Madison Brewers : RHP Silvian Mans
|
Now at 2B: Fernando Mejia
|
|
Now at SS: Lorenzo Diaz
|
|
Now in LF: Daniel Pena
|
|
Batting: RHB Roberto Rios
|
0-0: Ball 1-0: Called Strike 1-1: Ball 2-1: Foul Ball, location: 2F 2-2: Ball 3-2: Foul Ball, location: 2F 3-2: Base on Balls
|
Batting: RHB Alex Guerra
|
Pickoff Play to 1st, Runner tries for 2nd, OUT after rundown. 0-0: SOLO HOME RUN (Line Drive, 7D, EV 96.9 MPH), Distance : 372 ft
|
Batting: RHB Danny Dimas
|
0-0: Called Strike 0-1: Foul Ball, location: 2F 0-2: Ball 1-2: Strikes out looking
|
Batting: RHB Yutaka Yamane
|
0-0: Foul Ball, location: 2F 0-1: Ball 1-1: Called Strike 1-2: Foul Ball, location: 2F 1-2: Foul Ball, location: 2F 1-2: Strikes out swinging, 2-3 out at first.
|
Top of the 8th over - 1 run, 1 hit, 0 errors, 0 left on base; Americus 8 - Madison 2 |
BOTTOM OF THE 8TH |
Madison Brewers batting - Pitching for Americus Braves : LHP Mohala Kileona
|
Batting: RHB Fernando Mejia
|
0-0: Called Strike 0-1: Ball 1-1: Ball 2-1: Called Strike 2-2: SINGLE (Flyball, 3D, EV 91.9 MPH)
|
Batting: RHB Adam Angeles
|
0-0: Called Strike 0-1: Foul Ball, location: 2F 0-2: Ball 1-2: SINGLE (Groundball, 34D, EV 108.8 MPH) Fernando Mejia to second Runner from 2nd tries for 3rd, SAFE, no throw by RF
|
Pinch Hitting: RHB Dustin Pryor
|
0-0: Ball 1-0: Foul Ball, location: 2F 1-1: Ball 2-1: Fielders Choice at 2nd, 5-4 (Groundball, 56, EV 76.9 MPH) Fernando Mejia scores
|
Batting: LHB Jose Simental
|
0-0: Ball 1-0: Swinging Strike 1-1: Called Strike 1-2: Foul Ball, location: 2F 1-2: Foul Ball, location: 2F 1-2: Strikes out swinging
|
Batting: RHB Tristan Smeets
|
0-0: Called Strike 0-1: Fly out, F9 (Flyball, 89S, EV 87.5 MPH)
|
Bottom of the 8th over - 1 run, 2 hits, 0 errors, 1 left on base; Americus 8 - Madison 3 |
TOP OF THE 9TH |
Americus Braves batting - Pitching for Madison Brewers : RHP Silvian Mans
|
Now in CF: Todd Massad
|
|
Batting: RHB Ricardo Joya
|
0-0: Foul Ball, location: 2F 0-1: Ball 1-1: Foul Ball, location: 2F 1-2: Ball 2-2: Ball 3-2: Base on Balls
|
Pitching: RHP Omar Morales
|
|
Batting: RHB Carlos Livas
|
0-0: Swinging Strike 0-1: Called Strike 0-2: Ball 1-2: Strikes out swinging
|
Batting: LHB Ivan Castillo
|
0-0: Foul Ball, location: 2F 0-1: Grounds into double play, 4-6-3 (Groundball, 13, EV 87.5 MPH)
|
Top of the 9th over - 0 runs, 0 hits, 0 errors, 0 left on base; Americus 8 - Madison 3 |
BOTTOM OF THE 9TH |
Madison Brewers batting - Pitching for Americus Braves : LHP Mohala Kileona
|
Batting: RHB Daniel Pena
|
0-0: Swinging Strike 0-1: Foul Ball, location: 2F 0-2: Foul Ball, location: 2F 0-2: Ball 1-2: Fly out, F9 (Flyball, 9D, EV 104.4 MPH)
|
Batting: LHB Fumito Sakurai
|
0-0: Called Strike 0-1: Ball 1-1: Foul Ball, location: 2F 1-2: Ball 2-2: Strikes out swinging
|
Batting: RHB Lorenzo Diaz
|
0-0: Called Strike 0-1: Swinging Strike 0-2: Ball 1-2: Ball 2-2: Foul Ball, location: 2F 2-2: Ball 3-2: Strikes out swinging
|
Bottom of the 9th over - 0 runs, 0 hits, 0 errors, 0 left on base; Americus 8 - Madison 3 |
|